 Dungeon Crawl Stone Soup version 0.31.0-12-g77e489cdc1 (webtiles) character file.

Game seed: 14403210641676000277

3698 ChadusMaximus the Summoner (level 10, -2/56 HPs)
             Began as a Barachi Summoner on Mar 2, 2024.
             Was a Follower of Hepliaklqana.
             Engulfed by a cloud of steam (12 damage)
             ... on level 8 of the Dungeon.
             The game lasted 00:15:14 (9771 turns).

ChadusMaximus the Summoner (Barachi Summoner)       Turns: 9771, Time: 00:15:15

Health: -2/56      AC:  3    Str:  9    XL:     10   Next: 13%
Magic:  10/22      EV: 12    Int: 20    God:    Hepliaklqana [*.....]
Gold:   345        SH:  0    Dex: 13    Spells: 12/26 levels left

rFire   . . .        j - +0 sling
rCold   . . .        (no shield)
rNeg    . . .        a - +0 robe
rPois   .            (no helmet)
rElec   .            (no cloak)
rCorr   .            t - +0 pair of gloves
SInv    .            (no boots)
Will    .....        r - amulet of magic regeneration
Stlth   ++           (no ring)
HPRegen 0.29/turn    (no ring)
MPRegen 0.58/turn

%: no passive effects
@: inugami summoned, slow
A: reduced essence, amphibious, slowness 1, strong legs 1, +LOS
a: Hop, Renounce Religion, Recall Ancestor, Ancestor Identity


You were on level 8 of the Dungeon.
You worshipped Hepliaklqana.
Hepliaklqana was aware of your devotion.
You visited 1 branch of the dungeon, and saw 8 of its levels.

You collected 345 gold pieces.

Inventory:

Hand Weapons
 e - a +0 club
 g - a +0 dagger
 j - a +0 sling (weapon)
 B - a +0 shortbow
Missiles
 l - 6 throwing nets
Armour
 a - a +0 robe (worn)
 t - a +0 pair of gloves (worn)
Jewellery
 r - an amulet of magic regeneration (around neck)
 v - a ring of fire
Talismans
 n - a serpent talisman
Scrolls
 c - a scroll of silence
 f - 3 scrolls of fog
 h - 3 scrolls of revelation
 k - 4 scrolls of blinking
 s - a scroll of amnesia
 u - a scroll of teleportation {unknown}
 w - 3 scrolls of enchant weapon {unknown}
 x - 2 scrolls of vulnerability {unknown}
 y - a scroll of butterflies {unknown}
Potions
 b - a potion of magic
 d - 2 potions of brilliance {unknown}
 i - 2 potions of curing
 m - a potion of degeneration {unknown}
 o - a potion of cancellation {unknown}
 p - a potion of heal wounds {unknown}
 q - a potion of lignification {unknown}
 z - a potion of mutation {unknown}
 A - a potion of invisibility {unknown}


   Skills:
 - Level 2.1 Dodging
 - Level 1.7 Stealth
 + Level 8.6 Spellcasting
 * Level 14.4 Summonings


You had 12 spell levels left.
You knew the following spells:

 Your Spells              Type           Power      Damage    Failure   Level
a - Summon Small Mammal   Summ           100%       N/A       1%          1
b - Call Canine Familiar  Summ           60%        N/A       1%          3
c - Call Imp              Summ           100%       N/A       1%          2
d - Summon Lightning Spi  Summ/Air       37%        N/A       4%          4
e - Summon Blazeheart Go  Fire/Summ      37%        N/A       4%          4

Your spell library contained the following spells:

 Spells                   Type           Power      Damage    Failure   Level
 Dazzling Flash           Conj/Hex       16%        N/A       24%         3
 Gell's Gravitas          Tloc           8%         N/A       24%         3
 Teleport Other           Tloc           8%         N/A       24%         3
 Tukima's Dance           Hex            8%         N/A       24%         3
 Volatile Blastmotes      Fire/Tloc      16%        2d11      24%         3
 Dimensional Bullseye     Hex/Tloc       4%         N/A       63%         4
 Iskenderun's Mystic Bla  Conj/Tloc      8%         2d4       63%         4
 Dispersal                Tloc           4%         N/A       100%        6
 Starburst                Conj/Fire      4%         6d3       100%        6
 Maxwell's Capacitive Co  Air            4%         ∞         100%        8


Dungeon Overview and Level Annotations

Branches:
Dungeon (8/15)             Temple (0/1) D:7
   Lair: D:8-11

Altars:
Fedhas
Hepliaklqana
Nemelex Xobeh
Sif Muna
Trog
Vehumet
Xom
Zin
The Shining One

Shops:
D:1 ?*:   D:4 *   D:7 :

Annotations:
D:7 exclusion: oklob plant
D:8 Psyche


Innate Abilities, Weirdness & Mutations

Your life essence is reduced to manifest your ancestor. (-10% HP)
You are amphibious.
You cover ground slowly.
You can hop short distances.
You have an extended range of vision and can be seen from far away.


Message History

Synnove closely misses the steam dragon.
You see here a +0 shortbow.
It was a potion of curing.
You feel better.
The steam dragon bites Synnove.
The steam dragon claws Synnove.
Your cerulean imp hits the steam dragon with a +1 spear.
Your inugami closely misses the steam dragon.
Synnove hits the steam dragon but does no damage.
Unknown command.
Casting: Summon Lightning Spire (dangerous; 4% risk of failure)
Confirm with . or Enter, or press ? or * to list all spells.
You imbue your familiar with magical energy and its fangs glint viciously.
The steam dragon barely misses Synnove.
The steam dragon claws Synnove but does no damage.
Your cerulean imp closely misses the steam dragon.
Your inugami hits the steam dragon.
Your inugami barely misses the steam dragon.
Synnove hits the steam dragon but does no damage.
B - a +0 shortbow The steam dragon breathes steam at you.
The ball of steam hits Synnove.
Synnove resists.
The ball of steam hits you!
* * * LOW HITPOINT WARNING * * *
The ball of steam hits your lightning spire.
Your lightning spire resists.
Your cerulean imp hits the steam dragon but does no damage.
Your inugami hits the steam dragon!
Synnove hits the steam dragon but does no damage.
You feel better.
You are engulfed in a cloud of scalding steam.
* * * LOW HITPOINT WARNING * * *
The steam dragon misses Synnove.
The steam dragon claws Synnove but does no damage.
Synnove hits the steam dragon.
The steam dragon dies!
You're standing in a cloud of steam!
You're standing in a cloud of steam!
You swap places.
You are engulfed in a cloud of scalding steam.
You die...

#.# #.# #§#
###.# #D#
#<..# #.#
#.### #8# #.#
#.# #§# #.#
#8# #.# #R# ##
#h# #@# ...
#.#####§###..#
#.##D§.h5....#
#....#.####.##
######.# #.#
#.# #.# #.#


You could see the friendly Synnove the ancestor, a friendly lightning spire
(summoned), a friendly cerulean imp (summoned) and a friendly inugami
(summoned).

Vanquished Creatures
  A steam dragon (D:6)
  An adder (D:4)
  4 dart slugs
  6 orcs
  2 ball pythons
  A bat (D:2)
  A giant cockroach (D:2)
  3 goblins
  4 hobgoblins
  A jackal (D:4)
  2 frilled lizards
  7 kobolds
  A rat (D:1)
34 creatures vanquished.

Vanquished Creatures (collateral kills)
  Pikel (D:7)
  A steam dragon (D:8)
  3 black bears
  3 ice beasts
  An orc warrior (D:6)
  A sky beast (D:6)
  2 wolves (D:8)
  2 centaurs
  A lemure (D:7)
  3 kobold brigands
  3 bullfrogs
  2 scorpions (D:5)
  3 wights (D:6)
  5 killer bees (D:7)
  A bombardier beetle (D:6)
  A howler monkey (D:6)
  2 hounds
  3 jellies
  5 orc priests (D:7)
  3 gnoll boudas
  2 sleepcaps
  3 iguanas
  7 orc wizards
  13 gnolls
  4 adders
  A white imp (D:6)
  2 ufetubi (D:7)
  4 ribbon worms
  13 orcs
  A goblin (D:1)
  2 hobgoblins (D:1)
  3 jackals (D:4)
  14 kobolds
  A quokka (D:1)
  A ball python (D:1)
  3 rats
120 creatures vanquished.

Vanquished Creatures (others)
  3 ancestors
3 creatures vanquished.

Grand Total: 157 creatures vanquished

Notes
Turn   | Place    | Note
-------+----------+-------------------------------------------
     0 | D:1      | ChadusMaximus the Barachi Summoner began the quest for the
                  | Orb.
     0 | D:1      | Reached XP level 1. HP: 13/13 MP: 3/3
   164 | D:1      | Found Ilyschuom's Book Emporium.
   209 | D:1      | Reached skill level 5 in Summonings
   270 | D:1      | Reached XP level 2. HP: 9/19 MP: 1/5
   323 | D:1      | Found Woum's Magic Scroll Boutique.
   419 | D:1      | Found Bupnukil's Assorted Antiques.
  1093 | D:2      | Found a sparkling altar of Nemelex Xobeh.
  1111 | D:2      | Reached XP level 3. HP: 18/24 MP: 4/7
  1845 | D:3      | Found a faded altar of an unknown god.
  1962 | D:3      | Found a radiant altar of Vehumet.
  2632 | D:4      | Learned a level 3 spell: Call Canine Familiar
  2635 | D:4      | Learned a level 2 spell: Call Imp
  2692 | D:4      | Reached skill level 6 in Summonings
  2693 | D:4      | Reached XP level 4. HP: 30/30 MP: 4/8
  2830 | D:4      | Found Zin's Purification Station.
  2830 | D:4      | Found a glowing silver altar of Zin.
  3057 | D:4      | Reached XP level 5. HP: 33/35 MP: 7/10
  3761 | D:5      | Entered Level 5 of the Dungeon
  3769 | D:5      | Reached skill level 7 in Summonings
  3902 | D:5      | Reached XP level 6. HP: 41/41 MP: 2/12
  4052 | D:5      | Reached skill level 8 in Summonings
  4298 | D:5      | Found a glowing golden altar of the Shining One.
  4445 | D:5      | Found a shimmering altar of Xom.
  4445 | D:5      | Found a shimmering altar of Xom.
  4446 | D:5      | Noticed an ice beast
  4462 | D:5      | Killed an ice beast
  4518 | D:5      | Found a shimmering altar of Xom.
  4518 | D:5      | Found a shimmering altar of Xom.
  4518 | D:5      | Found a shimmering altar of Xom.
  4519 | D:5      | Found a shimmering altar of Xom.
  4519 | D:5      | Found a shimmering altar of Xom.
  4556 | D:5      | Reached XP level 7. HP: 46/46 MP: 9/13
  4684 | D:5      | Reached skill level 9 in Summonings
  4804 | D:5      | Reached skill level 5 in Spellcasting
  4852 | D:5      | Noticed a moth of wrath
  5090 | D:5      | Found a bloodstained altar of Trog.
  5645 | D:6      | Found a hazy altar of Hepliaklqana.
  5653 | D:6      | Noticed a steam dragon
  5666 | D:6      | Became a worshipper of Hepliaklqana the Forgotten
  5788 | D:6      | Reached XP level 8. HP: 52/52 MP: 16/16
  5804 | D:6      | Reached skill level 10 in Summonings
  6158 | D:5      | Found a shimmering blue altar of Sif Muna.
  6283 | D:5      | Learned a level 4 spell: Summon Lightning Spire
  6486 | D:6      | Reached skill level 11 in Summonings
  6887 | D:6      | Reached XP level 9. HP: 57/57 MP: 13/19
  7039 | D:6      | Reached skill level 12 in Summonings
  7827 | D:7      | Reached * piety under Hepliaklqana
  7940 | D:7      | Noticed Pikel
  7962 | D:7      | Killed Pikel
  7963 | D:7      | Reached skill level 13 in Summonings
  7967 | D:7      | Found a staircase to the Ecumenical Temple.
  8138 | D:7      | Found a sparkling altar of Nemelex Xobeh.
  8311 | D:7      | Found a blossoming altar of Fedhas.
  8341 | D:7      | Noticed an oklob plant
  8398 | D:7      | Found Zeful's Self-Improvement Boutique.
  8425 | D:7      | Learned a level 4 spell: Summon Blazeheart Golem
  8436 | D:7      | Reached skill level 14 in Summonings
  8436 | D:7      | Reached XP level 10. HP: 56/56 MP: 18/22
  8905 | D:8      | Noticed Psyche
  9771 | D:8      | Engulfed by a cloud of steam

Illustrated notes

Levels and vault maps discovered:
D:1:      dpeg_arrival_orchard, layout_loops_cross, serial_shops, shop, shop,
          nicolae_diamond_shop, chequers_decorated_corner
D:2:      layout_loops_ring, basic_altar
D:3:      layout_loops_ring, fiery_altar_vehumet,
          nicolae_overflow_hidden_temple, dilly_ecumenical_altar_fadedgnrine
D:4:      layout_basic, zin_purify, serial_park_tiny_1
D:5:      layout_loops_ring, mainiacjoe_overflow_surrounded_room, led_sif_pool,
          xom_redecorated, tgw_trog, grunt_ministairs_11
D:6:      layout_rooms, lemuel_doored_altar, chequers_avenue,
          grunt_decor_clamped
D:7:      layout_loops_cross, tgw_fedhas, pf_just_have_faith,
          minmay_temple_entry_nine_rooms, kb_lookout_dungeons_type,
          nicolae_shop_self_help, uniq_pikel
D:8:      layout_loops_ring, uniq_psyche, uniq_grum

Skill      XL: |  1  2  3  4  5  6  7  8  9 |
---------------+----------------------------+-----
Summonings     | 5 6 7 8 9 11 14 | 14.4
Spellcasting   | 3 4 5 6 8 |  8.6
Dodging        | |  2.1
Stealth        | |  1.7

Action                     |  1- 3 |  4- 6 |  7- 9 | 10-12 || total
---------------------------+-------+-------+-------+-------++-------
  Melee: Club              |    26 |       |       |       ||    26
         Unarmed           |     6 |       |       |       ||     6
         Dagger            |     1 |       |       |       ||     1
   Fire: Sling             |    62 |    72 |    85 |     5 ||   224
   Cast: Summon Small Mamm |    23 |     3 |    30 |     1 ||    57
         Call Canine Famil |     1 |    15 |    42 |     7 ||    65
         Call Imp          |     1 |    10 |    26 |     2 ||    39
         Summon Lightning  |       |       |    16 |     9 ||    25
         Summon Blazeheart |       |       |       |     1 ||     1
Ability: Hop               |       |     1 |     1 |     1 ||     3
    Use: Scroll            |       |       |     6 |       ||     6
         Potion            |       |       |       |     2 ||     2
 Armour: Robe              |    43 |    38 |    77 |    23 ||   181
  Dodge: Dodged            |    49 |    27 |    54 |    10 ||   140
